 Dungeon Crawl Stone Soup version 0.24-a0-439-g6dd8730de2 (webtiles) character file.

Game seed: 7813708968662853146

28 Ijustatesigmund the Skirmisher (level 3, -6/40 HPs)
             Began as an Ogre Hunter on June 18, 2019.
             Mangled by Natasha (9 damage)
             ... on level 2 of the Dungeon.
             The game lasted 00:02:18 (938 turns).

Ijustatesigmund the Skirmisher (Ogre Hunter)         Turns: 938, Time: 00:02:20

Health: -6/40      AC:  4    Str: 21    XL:     3   Next: 14%
Magic:  3/3        EV: 10    Int: 15    God:
Gold:   27         SH:  0    Dex: 10    Spells: 2/2 levels left

rFire    . . .     SeeInvis .   a - +0 mace
rCold    . . .     Gourm    .   (no shield)
rNeg     . . .     Faith    .   b - +1 robe
rPois    .         Spirit   .   (helmet restricted)
rElec    .         Reflect  .   (no cloak)
rCorr    .         Harm     .   (gloves unavailable)
MR       .....                  (boots unavailable)
Stlth    +.........             (no amulet)
HPRegen  0.13/turn              k - +3 ring of intelligence
MPRegen  0.08/turn              (no ring)

@: mighty, very slightly contaminated, slowed, invisible, very slow
A: large, unfitting armour, tough skin 1
a: no special abilities


You were on level 2 of the Dungeon.
You were not hungry.

You visited 1 branch of the dungeon, and saw 2 of its levels.

You collected 27 gold pieces.

Inventory:

Hand Weapons
 a - a +0 mace (weapon)
Missiles
 d - 2 throwing nets (quivered)
Armour
 b - a +1 robe (worn)
Jewellery
 k - a +3 ring of intelligence (left hand)
Scrolls
 e - a scroll of remove curse
 h - 4 scrolls of identify
 j - a scroll of amnesia
Comestibles
 f - a ration


   Skills:
 + Level 4.7 Fighting
 * Level 0.0 Maces & Flails
 - Level 4.0 Throwing
 - Level 1.7 Dodging
 - Level 0.6 Stealth


You had 2 spell levels left.
You didn't know any spells.
Your spell library was empty.

Dungeon Overview and Level Annotations

Branches:
Dungeon (2/15)

Altars:

Annotations:
D:2 Natasha


Innate Abilities, Weirdness & Mutations

You are too large for most types of armour.
You have tough skin. (AC +1)


Message History

The magic dart hits you.
* * * LOW HITPOINT WARNING * * *
Okay, then.
You fade into invisibility!
Natasha barely misses you. The crimson imp misses you.
Natasha completely misses you.
You are very lightly contaminated with residual magic.
You feel very mighty all of a sudden. The crimson imp hits you.
* * * LOW HITPOINT WARNING * * *
Natasha claws you.
* * * LOW HITPOINT WARNING * * *
The crimson imp hits you but does no damage.
You thump Natasha!
Natasha is almost dead.
Natasha claws you.
* * * LOW HITPOINT WARNING * * *
The crimson imp hits you but does no damage.
Natasha claws you!
You die...

# ## ##.#.##
.#... ...#
#..# #<.#
###.#####..#
(.?.(Kh@5).#
..#.######.#
.# .# .# .#
.#


You could see Natasha, a crimson imp and a kobold.

Vanquished Creatures
  4 dart slugs (D:1)
  5 bats (D:1)
  2 giant cockroaches (D:1)
  A hobgoblin (D:1)
  A frilled lizard (D:1)
  2 goblins
  3 kobolds (D:1)
  4 rats (D:1)
22 creatures vanquished.

Notes
Turn   | Place    | Note
-------+----------+-------------------------------------------
     0 | D:1      | Ijustatesigmund the Ogre Hunter began the quest for the
                  | Orb.
     0 | D:1      | Reached XP level 1. HP: 22/22 MP: 1/1
    73 | D:1      | Reached XP level 2. HP: 30/31 MP: 2/2
   482 | D:1      | Reached XP level 3. HP: 27/40 MP: 3/3
   928 | D:2      | Noticed Natasha
   938 | D:2      | Mangled by Natasha

Levels and vault maps discovered:
D:1:      minmay_arrival_up_and_down, layout_loops_ring
D:2:      layout_loops_ring, grunt_temple_overflow_open,
          chequers_ecumenical_altar_twisty, uniq_natasha

Skill      XL: |  1  2 |
---------------+-------+-----
Fighting       | 3 4 |  4.7
Throwing       | |  4.0
Dodging        | |  1.7
Stealth        | |  0.6

Action                   || total
-------------------------++-------
Melee: Short sword       ||    66
       Mace              ||     7
Throw: Large rock        ||     7
  Use: Scroll            ||     6
       Potion            ||     2
Armor: Robe              ||    33
Dodge: Dodged            ||    58

Table legend:
 A = Non-vault XP
 B = Vault XP
 C = Vault XP percentage of total XP
 D = Non-vault monster count
 E = Vault monster count
 F = Vault count percentage of total count
                 A         B        C        D         E       F
            +---------+---------+-------+---------+---------+-------
      Total |      41 |       0 |   0.0 |      22 |       0 |   0.0
            +---------+---------+-------+---------+---------+-------
        D:1 |      39 |       0 |   0.0 |      21 |       0 |   0.0
        D:2 |       2 |       0 |   0.0 |       1 |       0 |   0.0
            +---------+---------+-------+---------+---------+-------
